Map: Submarine LE

Players

sambomaster

  • Race: Terran Terran
  • League: Diamond
  • Spawn Location: 5:00

BroodKingEXE - Winner!

  • Race: Zerg Zerg
  • League: Diamond
  • Spawn Location: 11:00

VOD

Have the link to the VOD?

Description

ZvT Macro No 2 base push

Time

  • Played on: Jan. 30, 2021, 4:01 p.m.
  • Length: 10:30
Show
View Real Time Build Order
Export as new Build Order

sambomaster Terran 

Build Orders: Hellion Opening, Reaper Expand 

Get SALT Encoding   

  12  0:00  SCV  
  13  0:12  SCV  
  14  0:17  Supply Depot  
  14  0:24  SCV  
  15  0:38  SCV  
  15  0:40  Barracks  
  16  0:43  Refinery  
  16  0:50  SCV  
  17  1:02  SCV  
  18  1:15  SCV  
  19  1:28  Reaper  
  19  1:29  Orbital Command  
  20  1:39  Command Center  
  20  1:53  Supply Depot  
  20  1:55  SCV  
  20  2:00  Marine  
  22  2:07  SCV  
  23  2:12  Factory  
  23  2:19  SCV  
  23  2:20  Barracks Reactor  
  24  2:27  Refinery  
  24  2:31  SCV  
  25  2:44  SCV  
  26  2:58  Starport  
  25  3:10  Hellion x2  
  29  3:13  Orbital Command, Barracks Tech Lab  
  29  3:20  SCV  
  30  3:31  Hellion x2  
  34  3:44  SCV x2  
  36  3:49  Supply Depot  
  36  3:52  Hellion  
  36  3:53  Hellion  
  40  3:56  SCV x2  
  42  4:08  Command Center, SCV x2  
  44  4:12  Supply Depot  
  44  4:20  SCV  
  44  4:21  SCV  
  46  4:26  Barracks Tech Lab  
  46  4:28  Supply Depot  
  46  4:32  SCV  
  46  4:35  Barracks  
  46  4:36  Barracks  
  46  4:37  Factory Reactor  
  47  4:41  SCV  
  47  4:44  SCV  
  38  5:16  Cloaking Field, Banshee  
  38  5:19  SCV  
  38  5:20  Orbital Command  
  40  5:22  Stimpack  
  40  5:24  Marine x2  
  42  5:28  Barracks  
  42  5:31  SCV  
  42  5:33  Barracks  
  43  5:37  Marine x2  
  43  5:40  Factory Reactor, Marine  
  46  5:44  SCV x2  
  46  5:46  Factory  
  48  5:51  Engineering Bay x2  
  48  5:53  SCV  
  48  5:56  SCV  
  50  5:57  Marine x3  
  50  5:58  Supply Depot  
  53  6:04  Marine x2  
  53  6:08  Refinery  
  53  6:10  Refinery  
  55  6:15  Marine x3  
  58  6:23  Widow Mine x2  
  62  6:32  Barracks Tech Lab  
  62  6:33  Barracks  
  62  6:38  Barracks Tech Lab, Terran Infantry Weapons Level 1  
  59  7:00  Widow Mine x3, Medivac  
  59  7:01  Medivac  
  69  7:02  Barracks Reactor  
  69  7:03  Marine  
  69  7:04  Marauder, SCV x2  
  74  7:11  Orbital Command  
  74  7:27  Marine, Marauder, Widow Mine x2  
  81  7:30  Supply Depot x2  
  81  7:33  Barracks Tech Lab  
  81  7:37  Marine  
  81  7:39  Marine  
  81  7:40  Marauder, Barracks  
  81  7:41  Marine, Medivac  
  81  7:43  Widow Mine  
  90  7:46  Terran Infantry Armor Level 1  
  90  7:50  Armory  
  90  7:51  Supply Depot  
  80  8:05  Marine  
  61  8:06  Marauder  
  61  8:08  Orbital Command  
  61  8:11  Marine  
  65  8:15  Marine  
  65  8:16  Marine x2, Marauder  
  65  8:18  Marine, Orbital Command  
  61  8:24  Marine  
  57  8:27  Marauder  
  57  8:32  Marine  
  57  8:33  Marine  
  55  8:34  Marauder  
  55  8:40  Marine  
  55  8:41  Marauder  
  56  8:46  Drilling Claws  
  56  8:47  Marine  
  57  8:48  Marine  
  57  8:49  Marauder  
  57  8:52  SCV x3  
  50  9:04  SCV  
  50  9:06  Marine  
  47  9:14  Marine  
  47  9:15  Marine, Marauder  
  47  9:16  Marauder  
  44  9:17  Marauder  
  35  9:27  Marine, Widow Mine  
  37  9:32  Marine x2  
  37  9:36  Marauder  
  41  9:41  Orbital Command  
  41  9:43  Marine  
  40  9:47  Orbital Command  
  40  9:49  Marine  
  40  9:52  Marine  
  37  10:13  SCV  
Show
View Real Time Build Order
Export as new Build Order

BroodKingEXE Zerg - Winner!

Build Orders: Hatch First 

Get SALT Encoding   

  12  0:01  Drone  
  13  0:09  Drone  
  14  0:25  Overlord  
  14  0:27  Extractor  
  14  0:28  Drone, Extractor  
  14  0:29  Drone  
  16  0:44  Drone  
  17  0:54  Hatchery  
  17  0:57  Drone  
  17  1:11  Spawning Pool  
  17  1:13  Extractor  
  17  1:15  Drone  
  16  1:22  Drone x2  
  18  1:32  Drone  
  19  1:42  Overlord  
  19  1:58  Queen, Zergling x2  
  22  2:06  Zergling x2  
  23  2:17  Queen  
  23  2:18  Zergling x4  
  23  2:20  Drone  
  28  2:29  Drone x2  
  30  2:34  Spore Crawler  
  30  2:46  Overlord  
  30  2:47  Drone x2  
  32  3:10  Overlord  
  32  3:11  Drone x3  
  35  3:14  Hatchery  
  35  3:18  Overlord  
  35  3:19  Drone x3  
  37  3:20  Metabolic Boost  
  37  3:30  Drone  
  37  3:31  Drone  
  39  3:42  Drone x2  
  39  3:48  Queen x2  
  41  3:49  Drone  
  41  3:50  Drone  
  47  3:58  Zergling x2  
  47  3:59  Zergling x2  
  49  4:10  Drone x5  
  49  4:11  Drone  
  55  4:22  Drone  
  55  4:23  Drone x4  
  60  4:40  Drone x5  
  60  4:45  Baneling Nest  
  64  4:47  Extractor  
  64  4:50  Hatchery  
  46  5:07  Drone x5  
  46  5:08  Drone x5  
  46  5:09  Drone  
  46  5:11  Drone x3  
  46  5:12  Drone x2  
  58  5:20  Lair  
  58  5:24  Extractor  
  58  5:25  Extractor  
  58  5:28  Drone x2  
  58  5:29  Evolution Chamber  
  58  5:31  Evolution Chamber  
  56  5:45  Drone x2  
  56  5:48  Overlord x5  
  56  5:49  Overlord  
  58  6:02  Queen x2  
  62  6:06  Spore Crawler  
  62  6:08  Spore Crawler  
  60  6:18  Spore Crawler  
  59  6:20  Extractor  
  59  6:23  Extractor, Zergling x4  
  59  6:24  Zergling x20  
  59  6:25  Zerg Ground Armor Level 1, Zerg Melee Weapons Level 1  
  69  6:27  Overseer  
  69  6:34  Hatchery  
  68  6:48  Drone x2  
  68  6:49  Drone x2  
  68  6:53  Centrifical Hooks  
  72  6:57  Spire  
  72  7:00  Zergling x6  
  72  7:01  Zergling x22  
  85  7:12  Queen  
  87  7:30  Baneling  
  87  7:31  Baneling x20  
  87  7:38  Drone x6  
  87  7:39  Zergling x4  
  87  7:40  Zergling x6  
  98  7:50  Zergling x2  
  99  7:51  Zergling x2  
  99  7:52  Zergling x4  
  99  8:00  Zergling x2  
  99  8:02  Zergling x2  
  99  8:03  Zergling x14  
  100  8:13  Zergling x2  
  100  8:14  Zergling x16  
  100  8:15  Zergling x2  
  105  8:20  Zergling x2  
  105  8:21  Zergling x6  
  105  8:22  Zergling x2  
  105  8:24  Zergling x2  
  109  8:32  Zergling x2  
  109  8:33  Zergling x6  
  112  8:36  Baneling  
  112  8:37  Baneling x11  
  107  8:42  Drone  
  107  8:43  Drone x2  
  107  8:44  Drone  
  110  8:54  Overlord  
  110  8:55  Overlord x2  
  101  9:13  Zergling x2  
  101  9:14  Zergling x14  
  108  9:23  Zergling x2  
  99  9:25  Zergling x2  
  99  9:26  Zergling x26  
  99  9:27  Zergling x2  
  114  9:33  Drone  
  112  9:40  Zergling x4  
  112  9:41  Zergling x10  
  117  9:47  Zergling x2  
  117  9:48  Zergling x10  
  117  9:51  Zergling x2  
  117  9:52  Zergling x2  
  118  9:54  Zergling x2  
  114  10:01  Drone x3  
  114  10:02  Drone  
  114  10:03  Drone  
  114  10:05  Zergling x2  
Tags
 
Add a new tag
Caveats
  • Supply blocks, unpowered buildings, or Contaminate may cause inaccurate times.
  • Supply counts are checked every 10 seconds.